 Dungeon Crawl Stone Soup version 0.16.2-12-gd0ad4c3 (webtiles) character file.

107 Seneschal the Firebug (level 4, -3/33 HPs)
             Began as a Draconian Fire Elementalist on Sept 21, 2015.
             Killed from afar by an orc wizard (7 damage)
             ... with a puff of frost
             ... on level 3 of the Dungeon.
             The game lasted 00:12:39 (2372 turns).

Seneschal the Firebug (Draconian Fire Elementalist) Turns: 2372, Time: 00:12:42

Health: -3/33      AC:  5    Str: 10    XL:     4   Next: 56%
Magic:  1/8        EV: 12    Int: 16    God:
Gold:   140        SH:  0    Dex: 12    Spells: 3 memorised, 2 levels left

rFire  . . .     SeeInvis .     (no weapon)
rCold  . . .     Clarity  .     (armour unavailable)
rNeg   . . .     SustAb   .     (no shield)
rPois  .         Gourm    .     (helmet restricted)
rElec  .         Spirit   .     (no cloak)
rCorr  .         Warding  .     (no gloves)
rMut   +         Stasis   .     (no boots)
MR     .....                    h - amulet of resist mutation
Stlth  ++........               (no ring)
                                (no ring)

@: not resistant to hostile enchantments, unstealthy
A: unfitting armour, cold-blooded, AC +5
a: no special abilities


You were on level 3 of the Dungeon.
You were not hungry.

You visited 1 branch of the dungeon, and saw 3 of its levels.

You collected 140 gold pieces.

Inventory:

Jewellery
 h - an amulet of resist mutation (around neck)
Scrolls
 a - a scroll of fog {unknown}
 d - 2 scrolls of teleportation {unknown}
 g - a scroll of enchant armour {unknown}
 i - a scroll of blinking {unknown}
 j - 2 scrolls of enchant weapon {unknown}
 k - 3 scrolls of remove curse {unknown}
 o - 2 scrolls of identify {unknown}
Potions
 e - a potion of invisibility {unknown}
 f - a potion of heal wounds {unknown}
 l - a potion of curing {unknown}
 n - a potion of poison {unknown}
 p - a potion of brilliance {unknown}
Books
 b - a book of Flames

   Spells                             Type                      Level
   a - Flame Tongue                   Conjuration/Fire             1
   b - Throw Flame                    Conjuration/Fire             2
   c - Conjure Flame                  Conjuration/Fire             3
   d - Inner Flame                    Hexes/Fire                   3
   e - Sticky Flame                   Conjuration/Fire             4
   f - Fireball                       Conjuration/Fire             5
Comestibles
 c - a bread ration
 m - 2 meat rations


   Skills:
 + Level 2.4 Dodging
 + Level 2.1 Stealth
 + Level 2.9 Spellcasting
 + Level 1.9 Conjurations
 + Level 3.8 Fire Magic


You had 2 spell levels left.
You knew the following spells:

 Your Spells              Type           Power        Failure   Level  Hunger
a - Flame Tongue          Conj/Fire      ##...        8%          1    #......
b - Throw Flame           Conj/Fire      ##....       10%         2    ##.....
c - Inner Flame           Hex/Fire       #.......     28%         3    ###....


Dungeon Overview and Level Annotations

Branches:
Dungeon (3/15)

Altars:


Innate Abilities, Weirdness & Mutations

Your plain brown scales are hard (AC +5).
Your body does not fit into most forms of armour.
Your cold-blooded metabolism reacts poorly to cold.


Message History

The quokka bites you but does no damage.
The orc wizard hits you but does no damage.
Casting: Throw Flame
Confirm with . or Enter, or press ? or * to list all spells.
Aiming: Throw Flame
Press: ? - help, Shift-Dir - straight line, f/p - orc wizard
Aim: an orc wizard, wielding a dagger and wearing a robe (severely wounded)
Okay, then.
Casting: Throw Flame
Confirm with . or Enter, or press ? or * to list all spells.
Aiming: Flame Tongue
Press: ? - help, Shift-Dir - straight line, f/p - orc wizard
Aim: an orc wizard, wielding a dagger and wearing a robe (severely wounded)
The flame tongue hits the orc wizard.
The orc wizard is severely wounded.
The quokka bites you.
* * * LOW HITPOINT WARNING * * *
The orc wizard casts a spell at you. The puff of frost hits you!
You die...

######## ###.......#####
..#....# #...#.........# ...
..#.##.###.#.##..#.###.##.#..
..'.....÷....................
..#.#######...#####..#......#
..#.# #........))..#.#..
..#.# #####...#####)...# #
....#.......[#.....#.#.#
)..............o@r.#<..#
)###..##...#.(.(##.#.#.#
(#....##.#.#..#.##.#.#.#
(..#.###.#....#.####)# #
.#.#.# #....#...# #.# †#...#
##.......# #.# .)...#
#.#.)<.## #.# ##...#
#.####.## #.# #...# ... #..#
#.#


You could see an orc wizard and a quokka.

Vanquished Creatures
  3 adders
  A giant mite (D:2)
  2 worms
  8 orcs (D:3)
  5 bats
  3 giant cockroaches (D:2)
  8 goblins
  5 hobgoblins
  2 jackals (D:2)
  2 giant newts
  8 kobolds
  6 rats
53 creatures vanquished.

Notes
Turn   | Place    | Note
--------------------------------------------------------------
     0 | D:1      | Seneschal, the Draconian Fire Elementalist, began the quest for the Orb.
     0 | D:1      | Reached XP level 1. HP: 14/14 MP: 3/3
   223 | D:1      | Reached XP level 2. HP: 18/20 MP: 1/4
   781 | D:2      | Reached XP level 3. HP: 24/26 MP: 0/6
  1039 | D:2      | Learned a level 2 spell: Throw Flame
  1043 | D:2      | Learned a level 3 spell: Inner Flame
  1655 | D:2      | Reached XP level 4. HP: 8/33 MP: 1/8
  2372 | D:3      | Killed from afar by an orc wizard

Action                   |  1- 3 |  4- 6 || total
-------------------------+-------+-------++-------
Melee: Unarmed           |    49 |    50 ||    99
Throw: Stone             |     4 |     8 ||    12
       Tomahawk          |       |     7 ||     7
 Cast: Flame Tongue      |    62 |    14 ||    76
       Throw Flame       |     7 |    12 ||    19
  Eat: Chunk             |     2 |       ||     2
       Bread ration      |     1 |       ||     1
